 Seeded DCSS version 0.29-a0-541-gaf1fc19f1b (webtiles) character file.

Game seed: 5998305543906830551 (custom seed)

6 swifteh the Shield-Bearer (level 1, -1/22 HPs)
             Began as a Troll Fighter on June 2, 2022.
             Slain by a jackal (2 damage)
             ... on level 1 of the Dungeon.
             The game lasted 00:00:37 (146 turns).

swifteh the Shield-Bearer (Troll Fighter)            Turns: 146, Time: 00:00:37

Health: -1/22      AC:  4    Str: 23    XL:     1   Next: 75%
Magic:  0/0        EV:  8    Int:  4    God:
Gold:   12         SH:  7    Dex:  9    Spells: 0/0 levels left

rFire   . . .      SeeInvis .     - Unarmed
rCold   . . .      Faith    .   b - +0 kite shield
rNeg    . . .      Spirit   .   a - +0 robe
rPois   .          Reflect  .   (helmet restricted)
rElec   .          Harm     .   (no cloak)
rCorr   .          Rampage  .   (gloves unavailable)
Will    .....                   (boots unavailable)
Stlth   +.........              (no amulet)
HPRegen 0.87/turn               (no ring)
MPRegen 0.07/turn               (no ring)

@: no status effects
A: large, unfitting armour, claws 3, regeneration 1, shaggy fur 1, tough skin 1
a: no special abilities


You were on level 1 of the Dungeon.
You visited 1 branch of the dungeon, and saw 1 of its levels.

You collected 12 gold pieces.

Inventory:

Armour
 a - a +0 robe (worn)
 b - a +0 kite shield (worn)
Scrolls
 d - a scroll of blinking {unknown}
 e - a scroll of enchant armour {unknown}
Potions
 c - a potion of might


   Skills:
 + Level 2.5 Fighting
 + Level 2.5 Dodging
 + Level 2.8 Shields
 + Level 2.0 Unarmed Combat


You couldn't memorise any spells.
You didn't know any spells.
Your spell library was empty.

Dungeon Overview and Level Annotations

Branches:
Dungeon (1/15)

Altars:


Innate Abilities, Weirdness & Mutations

You are too large for most types of armour.
You have claws for hands.
Your natural rate of healing is unusually fast.
You are covered in fur. (AC +1)
You have tough skin. (AC +1)


Message History

The jackal bites you but does no damage.
The jackal bites you. x2; The jackal closely misses you. x2
You closely miss the jackal.
The jackal is severely wounded.
You block the jackal's attack. The jackal closely misses you.
The jackal bites you. The jackal closely misses you.
The jackal bites you but does no damage.
The jackal bites you.
You scratch the jackal.
You kill the jackal!
The jackal bites you but does no damage.
You block the jackal's attack.
You scratch the hobgoblin.
The hobgoblin is almost dead.
The jackal barely misses you. You block the jackal's attack.
The hobgoblin hits you. You block the jackal's attack.
The jackal bites you but does no damage.
You scratch the hobgoblin but do no damage.
The hobgoblin is almost dead.
The hobgoblin closely misses you. You block the jackal's attack.
The jackal bites you. The hobgoblin completely misses you.
You completely miss the hobgoblin.
The hobgoblin is almost dead.
The jackal bites you. x2; You block the jackal's attack.
The jackal bites you but does no damage.
The hobgoblin closely misses you.
You barely miss the hobgoblin.
The hobgoblin is almost dead.
The jackal barely misses you.
The jackal bites you but does no damage.
The hobgoblin hits you.
* * * LOW HITPOINT WARNING * * *
The jackal bites you.
* * * LOW HITPOINT WARNING * * *
You closely miss the hobgoblin.
The hobgoblin is almost dead.
The jackal bites you.
* * * LOW HITPOINT WARNING * * *
The jackal bites you.
You die...

...8..∩.._.....∩.....
.............!...?..
#........?..........
#.♣..∩..∩..8..∩.....
#####.............).....
......................>.
#..8..∩.....∩.h∩.....
#.)).........@g......
#.............h.#####
####.)∩..♣..∩.....8#
...##...############
.....#### ...#.# ...#.#
...#.# ...#.#


You could see 2 jackals and a hobgoblin.

Vanquished Creatures
  A goblin (D:1)
  A jackal (D:1)
  2 kobolds (D:1)
  A ball python (D:1)
5 creatures vanquished.

Notes
Turn   | Place    | Note
-------+----------+-------------------------------------------
     0 | D:1      | swifteh the Troll Fighter began the quest for the Orb.
     0 | D:1      | Reached XP level 1. HP: 22/22 MP: 0/0
   119 | D:1      | Found a faded altar of an unknown god.
   146 | D:1      | HP: 1/22 [jackal (2)]
   146 | D:1      | Slain by a jackal

Illustrated notes

Levels and vault maps discovered:
D:1:      nzn_arrival_crosshair, layout_basic,
          hellmonk_ecumenical_altar_arch_garden

Action                   || total
-------------------------++-------
Melee: Unarmed           ||    22
Armor: Robe              ||    13
Dodge: Dodged            ||    14
Block: Kite shield       ||    12

Table legend: (Time is in decaauts)
 A = Elapsed time spent in this place.
 B = Non-inter-level travel time spent in this place.
 C = Inter-level travel time spent in this place.
 D = Time resting spent in this place.
 E = Time spent auto-exploring this place.
 F = Levels seen in this place.
 G = Mean time per level.
                   A        B        C        D        E       F      G
               +--------+--------+--------+--------+--------+-----+--------+
         Total |    148 |    148 |      0 |      0 |     94 |   1 |  148.0 |
       Dungeon |    148 |    148 |      0 |      0 |     94 |   1 |  148.0 |
               +--------+--------+--------+--------+--------+-----+--------+

Top non-repeatable levels by time:
     D:1: 148 daAuts
